 Dungeon Crawl Stone Soup version 0.18-a0-844-g9229740 (webtiles) character file.

463 George the Cleaver (level 7, 0/56 HPs)
             Began as a Hill Orc Gladiator on Dec 19, 2015.
             Was a Follower of Qazlal.
             Killed from afar by Edmund (8 damage)
             ... with a wand of flame
             ... on level 4 of the Dungeon.
             The game lasted 00:08:12 (3707 turns).

George the Cleaver (Hill Orc Gladiator)             Turns: 3707, Time: 00:08:12

Health: 0/56       AC: 11    Str: 20    XL:     7   Next: 7%
Magic:  11/11      EV:  8    Int:  8    God:    Qazlal [*.....]
Gold:   166        SH:  2    Dex: 11    Spells: 0 memorised, 6 levels left

rFire  . . .     SeeInvis .     a - +0 war axe
rCold  . . .     Gourm    .     r - +0 chain mail
rNeg   . . .     Faith    .     (no shield)
rPois  .         Spirit   .     c - +1 helmet
rElec  .         Dismiss  .     (no cloak)
rCorr  .         Reflect  .     (no gloves)
SustAt .         Harm     .     s - +0 pair of boots
MR     .....                    B - amulet of rage
Stlth  ..........               (no ring)
                                u - ring of wizardry

@: not resistant to hostile enchantments, extremely unstealthy
A: no striking features
a: Renounce Religion, Evoke Berserk Rage


You were on level 4 of the Dungeon.
You worshipped Qazlal.
Qazlal was aware of your devotion.
You were not hungry.

You visited 1 branch of the dungeon, and saw 4 of its levels.

You collected 166 gold pieces.

Inventory:

Hand Weapons
 a - a +0 war axe (weapon)
Missiles
 d - 3 throwing nets (quivered)
Armour
 c - a +1 helmet (worn)
 r - a +0 chain mail (worn)
 s - a +0 pair of boots (worn)
Jewellery
 u - a ring of wizardry (left hand)
 B - an amulet of rage (around neck)
Scrolls
 y - a scroll of enchant armour
 D - a scroll of teleportation
Potions
 t - a potion of berserk rage {unknown}
 v - a potion of invisibility {unknown}
 w - a potion of mutation {unknown}
 A - a potion of resistance {unknown}
Comestibles
 f - 2 bread rations
 x - a meat ration


   Skills:
 - Level 2.4 Fighting
 + Level 8.5 Axes
 - Level 1.7 Throwing
 - Level 2.4 Dodging
 + Level 5.4 Invocations


You had 6 spell levels left.
You didn't know any spells.

Dungeon Overview and Level Annotations

Branches:
Dungeon (4/15)
 Temple: D:4-7

Altars:
Ashenzari
Okawaru
Qazlal

Annotations:
D:4 Edmund


Message History

You barely miss Edmund.
Edmund is almost dead.
Edmund zaps a wand.
The puff of flame hits you! The orc barely misses you.
You hit Edmund but do no damage.
Edmund is almost dead.
Edmund hits you but does no damage. The orc closely misses you.
You completely miss Edmund.
Edmund is almost dead.
Edmund zaps a wand.
The puff of flame hits you!
* * * LOW HITPOINT WARNING * * *
The orc closely misses you.
You hit Edmund.
Edmund is almost dead.
Edmund zaps a wand.
The puff of flame hits you!
* * * LOW HITPOINT WARNING * * *
You block the orc's attack.
You barely miss Edmund.
Edmund is almost dead.
Edmund zaps a wand.
The puff of flame hits you!
You die...

...... #...# ...
......#####...# ...
.............# ...
...............# ...
.............S.####
...
...............[....
...
.........o..........
...
........#@#######..#
### ........#@# ....
........#)# ...
..........# .# #
########..# # ##.# #
#.# #
#.################
#.................
#####.##.###..##..


You could see Edmund and an orc.

Vanquished Creatures
  A phantom (D:4)
  2 orc priests (D:4)
  3 orc wizards (D:4)
  Ijyb (D:2)
  An iguana (D:4)
  A worker ant (D:4)
  6 adders
  2 oozes
  5 giant geckos
  19 orcs
  A ball python (D:2)
  8 bats
  2 giant cockroaches
  4 hobgoblins
  5 jackals (D:3)
  2 giant newts
  6 goblins
  7 kobolds
  A quokka (D:2)
  A quokka skeleton (D:4)
  12 rats
90 creatures vanquished.

Notes
Turn   | Place    | Note
--------------------------------------------------------------
     0 | D:1      | George the Hill Orc Gladiator began the quest for the Orb.
     0 | D:1      | Reached XP level 1. HP: 18/18 MP: 1/1
   171 | D:1      | Reached XP level 2. HP: 25/25 MP: 2/2
   182 | D:1      | Found an iron altar of Okawaru.
   315 | D:1      | Reached skill level 5 in Axes
   632 | D:2      | Reached XP level 3. HP: 28/30 MP: 3/3
   831 | D:2      | Noticed Ijyb
   841 | D:2      | Killed Ijyb
   841 | D:2      | Reached skill level 6 in Axes
   880 | D:2      | Found a faded altar to an unknown god.
  1213 | D:3      | Reached XP level 4. HP: 35/37 MP: 4/4
  1277 | D:3      | Found a stormy altar of Qazlal.
  1283 | D:3      | Became a worshipper of Qazlal Stormbringer
  1465 | D:3      | Reached skill level 1 in Invocations
  1466 | D:3      | Found a shattered altar of Ashenzari.
  2151 | D:3      | Reached * piety under Qazlal
  2151 | D:3      | Reached XP level 5. HP: 42/42 MP: 6/6
  2706 | D:4      | Reached skill level 7 in Axes
  2890 | D:4      | Reached XP level 6. HP: 39/50 MP: 8/8
  3316 | D:4      | Reached skill level 8 in Axes
  3361 | D:4      | Reached skill level 5 in Invocations
  3361 | D:4      | Reached XP level 7. HP: 10/56 MP: 10/10
  3680 | D:4      | Noticed Edmund
  3707 | D:4      | Killed from afar by Edmund

Vault maps used:
D:1:      scummos_arrival_forest, kennysheep_flooded_box
D:2:      ecumenical_altar_2, uniq_iyjb
D:3:      kennysheep_big_flooded_room, grunt_qazlal_clouds, first_bread,
          ashenzari_altar_1
D:4:      old_standard_altar, kennysheep_mini_moat, kennysheep_nondescript,
          sigmund_edmund_badplayer, uniq_robin

Action                   |  1- 3 |  4- 6 |  7- 9 || total
-------------------------+-------+-------+-------++-------
Melee: War axe           |    77 |   221 |    18 ||   316
  Use: Scroll            |       |     8 |       ||     8
       Potion            |       |     2 |       ||     2
  Eat: Chunk             |       |     8 |     1 ||     9
